 Dungeon Crawl Stone Soup version 0.28-a0-382-g33c4956463 (webtiles) character file.

Game seed: 15018582483180269335

4647 McIrco the Covert (level 10, -1/61 HPs)
             Began as a Kobold Berserker on Sept 2, 2021.
             Was a Priest of Trog.
             Slain by an ettin (16 damage)
             ... on level 9 of the Dungeon.
             The game lasted 00:10:36 (11255 turns).

McIrco the Covert (Kobold Berserker)               Turns: 11255, Time: 00:10:36

Health: -1/61      AC:  4    Str: 18    XL:     10   Next: 70%
Magic:  10/10      EV: 22    Int:  9    God:    Trog [***...]
Gold:   452        SH:  0    Dex: 14    Spells: 9/9 levels left

rFire   . . .      SeeInvis .   a - +3 dagger (venom)
rCold   . . .      Faith    .   (shield restricted)
rNeg    . . .      Spirit   .   d - +0 animal skin
rPois   .          Reflect  .   (no helmet)
rElec   .          Harm     .   (no cloak)
rCorr   .          Rampage  .   j - +1 pair of gloves
Will    .....                   (no boots)
Stlth   ++++++....              (no amulet)
HPRegen 0.20/turn               A - +4 ring of evasion
MPRegen 0.12/turn               (no ring)

@: no status effects
A: small, no large weapons, nightstalker 3
a: Renounce Religion, Berserk, Trog's Hand


You were on level 9 of the Dungeon.
You worshipped Trog.
Trog was most pleased with you.
You visited 1 branch of the dungeon, and saw 9 of its levels.

You collected 452 gold pieces.

Inventory:

Hand Weapons
 a - a +3 dagger of venom (weapon)
 b - a +2 dagger of flaming
 m - a +0 short sword
 q - a +3 short sword
 y - a +1 spear of venom
 H - a +0 short sword of venom
Missiles
 z - 17 poisoned darts (quivered)
Armour
 d - a +0 animal skin (worn)
 j - a +1 pair of gloves (worn)
 x - a +0 buckler
Jewellery
 A - a +4 ring of evasion (left hand)
 K - a ring of protection from cold
Wands
 D - a wand of mindburst (9)
 E - a wand of paralysis (8)
 L - a wand of acid (9)
Scrolls
 c - 4 scrolls of teleportation {unknown}
 i - 8 scrolls of identify {unknown}
 n - 5 scrolls of amnesia {unknown}
 o - a scroll of enchant armour {unknown}
 r - 2 scrolls of fog {unknown}
 t - a scroll of noise {unknown}
 u - a scroll of summoning {unknown}
 v - 2 scrolls of fear {unknown}
 B - 2 scrolls of blinking {unknown}
 G - a scroll of immolation {unknown}
 I - a scroll of enchant weapon {unknown}
 J - a scroll of vulnerability {unknown}
Potions
 e - 3 potions of mutation {unknown}
 f - 5 potions of haste {unknown}
 g - 3 potions of magic {unknown}
 h - 4 potions of might {unknown}
 k - a potion of heal wounds {unknown}
 l - 3 potions of lignification {unknown}
 p - 2 potions of attraction {unknown}
 s - a potion of invisibility {unknown}
 w - 2 potions of ambrosia {unknown}
 C - a potion of resistance {unknown}
 F - 5 potions of curing {unknown}


   Skills:
 + Level 6.7 Fighting
 - Level 10.0 Short Blades
 + Level 1.7 Armour
 + Level 7.8 Dodging
 + Level 14.0 Stealth


You had 9 spell levels left.
You didn't know any spells.
Your spell library was empty.

Dungeon Overview and Level Annotations

Branches:
Dungeon (9/15)             Temple (0/1) D:4
   Lair: D:8-11         Orc: D:9-12

Altars:
Ashenzari
Cheibriados
Fedhas
Kikubaaqudgha
Makhleb
Qazlal
Sif Muna
Vehumet
Wu Jian
Yredelemnul

Shops:
D:3 [

Annotations:
D:6 3 runed translucent doors, Necrophagist's ghost, novice TrFi


Innate Abilities, Weirdness & Mutations

You are small and have problems with some larger weapons.
You are completely attuned to the shadows.


Message History

You skewer the killer bee like a kebab!!!!
You kill the killer bee!
Trog accepts your kill.
Your Stealth skill increases to level 14!
The helpless killer bee fails to defend itself.
You spit the killer bee like a pig!!!!
You kill the killer bee!
Trog accepts your kill.
No target in view!
No target in view!
You open the door.
There is an open door here.
An ettin comes into view. It is wielding two +0 dire flails.
The ettin shouts in stereo!
An ettin is nearby!
An ettin is nearby!
You hit the ettin but do no damage.
The ettin is poisoned.
The ettin hits you with a +0 dire flail!
The ettin misses you.
You hit the ettin.
The ettin looks even sicker.
The ettin is lightly wounded.
You puncture the ettin!
The ettin looks as sick as possible!
The ettin is lightly wounded.
The ettin misses you.
The ettin hits you with a +0 dire flail!!!
Ouch! That really hurt!
* * * LOW HITPOINT WARNING * * *
There is an open door here.
Unknown command.
Okay, then.
Unknown command.
There is a stone staircase leading up here.
The ettin completely misses you. x2
You hit the ettin.
The ettin is heavily wounded.
You hit the ettin.
The ettin looks even sicker.
The ettin is severely wounded.
The ettin closely misses you.
The ettin hits you with a +0 dire flail!
You die...

#...................
###
####...................
...
.......<...............
###
####...################
#...# # #...# # #...# #
#..C# #
#..@################ #
####.............†.....
..
.......................
##
#####..................
#..################
#..# #### #..### ## ..#
###############..... #.
#. ....................
#. #.


You could see an ettin (very poisoned).

Vanquished Creatures
  A two-headed ogre (D:8)
  Psyche (D:9)
  3 meliai (D:8)
  4 vampire mosquitoes (D:6)
  3 water moccasins
  An orc warrior (D:9)
  A black bear (D:7)
  A sky beast (D:5)
  An ogre (D:7)
  A centaur (D:7)
  5 bullfrogs
  A gnoll sergeant (D:5)
  2 scorpions
  A wyvern skeleton (D:7)
  3 water moccasin skeletons
  8 killer bees
  4 howler monkeys
  A centaur zombie (D:8)
  2 hounds (D:5)
  2 orc priests
  Jessica (D:2)
  A bullfrog skeleton (D:7)
  5 iguanas
  A scorpion zombie (D:5)
  2 orc wizards
  A hound skeleton (D:5)
  8 gnolls
  8 adders
  A white imp (D:7)
  An ufetubus (D:4)
  5 dart slugs
  19 orcs
  10 endoplasms
  3 giant cockroaches
  4 goblins
  2 hobgoblins (D:1)
  8 jackals
  5 quokkas
  7 ball pythons
  7 bats
  4 frilled lizards
  A jackal skeleton (D:4)
  7 kobolds
  8 rats
165 creatures vanquished.

Notes
Turn   | Place    | Note
-------+----------+-------------------------------------------
     0 | D:1      | McIrco the Kobold Berserker began the quest for the Orb.
     0 | D:1      | Reached XP level 1. HP: 14/14 MP: 1/1
   235 | D:1      | Reached XP level 2. HP: 19/19 MP: 2/2
   877 | D:1      | Reached XP level 3. HP: 24/24 MP: 3/3
   997 | D:1      | Reached ** piety under Trog
  1117 | D:1      | Reached skill level 1 in Stealth
  1287 | D:1      | Found a faded altar of an unknown god.
  1819 | D:2      | Noticed Jessica
  1826 | D:2      | Killed Jessica
  1827 | D:2      | Reached skill level 5 in Short Blades
  1827 | D:2      | Reached skill level 2 in Stealth
  1827 | D:2      | Reached XP level 4. HP: 29/29 MP: 4/4
  2928 | D:3      | Reached skill level 3 in Stealth
  3081 | D:3      | Found Fehust's Antique Armour Boutique.
  3092 | D:3      | Reached XP level 5. HP: 33/33 MP: 5/5
  4167 | D:4      | Reached skill level 4 in Stealth
  4409 | D:4      | Reached XP level 6. HP: 36/38 MP: 6/6
  4642 | D:4      | Reached skill level 5 in Stealth
  4646 | D:4      | Reached *** piety under Trog
  4793 | D:4      | Found a staircase to the Ecumenical Temple.
  4823 | D:5      | Entered Level 5 of the Dungeon
  5013 | D:5      | Found a faded altar of an unknown god.
  5018 | D:5      | Found a shimmering blue altar of Sif Muna.
  5020 | D:5      | Found a blossoming altar of Fedhas.
  5022 | D:5      | Found a basalt altar of Yredelemnul.
  5027 | D:5      | Found a burning altar of Makhleb.
  5270 | D:5      | Reached XP level 7. HP: 44/44 MP: 7/7
  5296 | D:5      | Reached skill level 6 in Stealth
  6183 | D:4      | Reached skill level 7 in Stealth
  6611 | D:5      | Reached skill level 5 in Fighting
  6611 | D:5      | Reached XP level 8. HP: 37/49 MP: 8/8
  7230 | D:6      | Found an ancient bone altar of Kikubaaqudgha.
  7315 | D:6      | Noticed Necrophagist's ghost (novice TrFi)
  7344 | D:6      | Found a runed translucent gate.
  7344 | D:6      | Found a runed translucent gate.
  7344 | D:6      | Found a runed translucent gate.
  7505 | D:6      | Noticed a two-headed ogre
  7660 | D:6      | Found a snail-covered altar of Cheibriados.
  7669 | D:6      | Reached skill level 5 in Dodging
  7669 | D:6      | Reached skill level 8 in Stealth
  7688 | D:6      | Reached skill level 9 in Stealth
  7905 | D:6      | Reached XP level 9. HP: 54/54 MP: 9/9
  8340 | D:7      | Found a stormy altar of Qazlal.
  8705 | D:7      | Reached skill level 10 in Stealth
  8706 | D:7      | HP: 2/55 [poisoned by a water moccasin]
  9752 | D:8      | Noticed a meliai
  9753 | D:8      | Noticed a meliai
  9756 | D:8      | Killed a meliai
  9757 | D:8      | Reached skill level 11 in Stealth
  9758 | D:8      | Noticed a meliai
  9759 | D:8      | Killed a meliai
  9763 | D:8      | Killed a meliai
  9764 | D:8      | Reached skill level 12 in Stealth
  9764 | D:8      | Reached XP level 10. HP: 60/60 MP: 10/10
  9970 | D:8      | Noticed a two-headed ogre
 10002 | D:8      | Killed a two-headed ogre
 10003 | D:8      | Reached skill level 10 in Short Blades
 10003 | D:8      | Reached skill level 13 in Stealth
 10142 | D:8      | Found a radiant altar of Vehumet.
 10246 | D:8      | Found a broken altar of Ashenzari.
 10711 | D:8      | Found an ornate altar of the Wu Jian Council.
 11057 | D:9      | Noticed Psyche
 11061 | D:9      | Killed Psyche
 11187 | D:9      | Reached skill level 14 in Stealth
 11211 | D:9      | Noticed an ettin
 11255 | D:9      | Slain by an ettin

Illustrated notes

Levels and vault maps discovered:
D:1:      evilmike_arrival_rings, layout_loops_corners,
          shapermc_ecumenical_altar_mp_vishouse
D:2:      layout_loops_corners, uniq_jessica
D:3:      layout_basic, serial_shops, shop
D:4:      layout_rooms, minmay_temple_entry_statues_fountains
D:5:      layout_cave_pods, chequers_temple_overflow_minitemple
D:6:      layout_cave_pools, kiku_gazebo_pond_becter,
          mainiacjoe_overflow_boulevard, gammafunk_ghost_split,
          serial_co_window_serial, co_window_corner_a, co_window_cross_1,
          co_window_paths_b, co_window_paths_b, co_window_cross_1,
          co_window_of_opportunity_a, co_window_corner_b, co_window_2corner,
          co_window_unsneaky_path_c, co_window_broadway_c,
          co_window_unsneaky_path_a, co_window_paths_d
D:7:      layout_basic, nicolae_overflow_hidden_temple
D:8:      layout_cave_pods, cheibrodos_ashenzari_chains,
          mainiacjoe_overflow_concentric_impassable, nicolae_vehumet_radiance
D:9:      layout_long_grid, kennysheep_just_a_vault, uniq_psyche, uniq_erolcha

Skill      XL: |  1  2  3  4  5  6  7  8  9 10 |
---------------+-------------------------------+-----
Stealth        | 2 3 4 5 7 9 12 14 | 14.0
Short Blades   | 5 6 8 9 10 | 10.0
Dodging        | 3 4 5 7 |  7.8
Fighting       | 4 5 6 |  6.7
Armour         | |  1.7

Action                   |  1- 3 |  4- 6 |  7- 9 | 10-12 || total
-------------------------+-------+-------+-------+-------++-------
Melee: Short sword       |    16 |       |       |       ||    16
       Dagger            |    61 |   129 |   189 |   103 ||   482
Invok: Berserk           |     2 |       |     1 |       ||     3
       Trog's Hand       |       |       |     3 |     1 ||     4
 Stab: Sleeping          |    19 |    14 |    23 |     8 ||    64
       Distracted        |       |       |       |     2 ||     2
Armor: Animal skin       |     2 |    14 |    14 |     6 ||    36
Dodge: Dodged            |    32 |    86 |   109 |    56 ||   283

Table legend: (Time is in decaauts)
 A = Elapsed time spent in this place.
 B = Non-inter-level travel time spent in this place.
 C = Inter-level travel time spent in this place.
 D = Time resting spent in this place.
 E = Time spent auto-exploring this place.
 F = Levels seen in this place.
 G = Mean time per level.
                   A        B        C        D        E       F      G
               +--------+--------+--------+--------+--------+-----+--------+
         Total |  11121 |  10649 |    472 |   1823 |   7680 |   9 | 1235.7 |
       Dungeon |  11121 |  10649 |    472 |   1823 |   7680 |   9 | 1235.7 |
               +--------+--------+--------+--------+--------+-----+--------+

Top non-repeatable levels by time:
     D:5: 1650 daAuts
     D:1: 1643 daAuts
     D:4: 1384 daAuts
     D:7: 1313 daAuts
     D:3: 1255 daAuts
     D:8: 1201 daAuts
     D:2: 1178 daAuts
     D:6: 1157 daAuts
     D:9: 337 daAuts
